 Dungeon Crawl Stone Soup version 0.22.1-2-g9c5b331383 (webtiles) character file.

55 Peloso the Shield-Bearer (level 3, -1/33 HPs)
             Began as a Minotaur Fighter on Dec 20, 2018.
             Was an Initiate of Okawaru.
             Slain by Grinder (5 damage)
             ... on level 3 of the Dungeon.
             The game lasted 00:02:04 (1381 turns).

Peloso the Shield-Bearer (Minotaur Fighter)         Turns: 1381, Time: 00:02:04

Health: -1/33      AC:  7    Str: 20    XL:     3   Next: 67%
Magic:  2/2        EV:  7    Int:  5    God:    Okawaru [......]
Gold:   101        SH:  9    Dex: 10    Spells: 2/2 levels left

rFire    . . .     SeeInvis .   a - +0 long sword
rCold    . . .     Gourm    .   c - +0 shield
rNeg     . . .     Faith    .   b - +0 scale mail
rPois    .         Spirit   .   (helmet restricted)
rElec    .         Reflect  .   (no cloak)
rCorr    .         Harm     .   (no gloves)
MR       .....                  (no boots)
Stlth    ..........             (no amulet)
HPRegen  0.11/turn              o - ring of wizardry
MPRegen  0.08/turn              (no ring)

@: no status effects
A: retaliatory headbutt, horns 2
a: Renounce Religion


You were on level 3 of the Dungeon.
You worshipped Okawaru.
Okawaru was noncommittal.
You were hungry.

You visited 1 branch of the dungeon, and saw 3 of its levels.

You collected 101 gold pieces.

Inventory:

Hand Weapons
 a - a +0 long sword (weapon)
Armour
 b - a +0 scale mail (worn)
 c - a +0 shield (worn)
Jewellery
 o - a ring of wizardry (left hand)
Scrolls
 h - a scroll of noise {unknown}
 i - a scroll of teleportation {unknown}
 j - 2 scrolls of identify {unknown}
 k - a scroll of random uselessness {unknown}
 l - 2 scrolls of amnesia {unknown}
 m - 2 scrolls of immolation {unknown}
 p - a scroll of blinking {unknown}
Potions
 d - 3 potions of might
 e - a potion of cancellation {unknown}
 g - 2 potions of curing {unknown}
Comestibles
 f - 9 rations


   Skills:
 + Level 3.9 Fighting
 + Level 3.0 Long Blades
 + Level 4.4 Armour
 + Level 0.2 Dodging
 + Level 0.1 Stealth
 + Level 4.4 Shields


You had 2 spell levels left.
You didn't know any spells.
Your spell library was empty.

Dungeon Overview and Level Annotations

Branches:
Dungeon (3/15)

Altars:
Cheibriados
Okawaru

Annotations:
D:3 Grinder


Innate Abilities, Weirdness & Mutations

You reflexively headbutt those who attack you in melee.
You have a pair of horns on your head.


Message History

Okawaru accepts your kill.
Unknown command.
You hit the rat.
You kill the rat!
Okawaru accepts your kill.
Unknown command.
Grinder hits you!
You writhe in agony.
You hit Grinder.
Grinder is lightly wounded.
Grinder hits you.
You writhe in agony.
* * * LOW HITPOINT WARNING * * *
You closely miss Grinder. You headbutt Grinder.
Grinder is lightly wounded.
You block Grinder's attack. Grinder closely misses you.
You hit Grinder but do no damage.
Grinder is lightly wounded.
Grinder hits you.
* * * LOW HITPOINT WARNING * * *
You writhe in agony.
You die... ## ...# ... ### .. ♣.P #.# P. ..♣..#♣..♣ .♣...PP♣ .♣ ♣.5..♣ PP♣

§♣. ♣@♣. ♣..♣ ♣P
...♣
♣.♣.♣♣♣P.♣♣.P. .
♣..♣.♣♣..PPP.♣...
.##
♣P..)P♣.P♣...8.
... ...
♣...♣♣..♣.SP..
#.# #.♣
###.♣.♣.♣..♣♣ #.#
#.# ##.....♣.P♣
#.# #.#
+#..♣.§..♣
##.####.#
♣.P♣♣♣(.♣


You could see Grinder.

Vanquished Creatures
  2 adders
  A worm (D:2)
  A dart slug (D:2)
  A leopard gecko (D:1)
  4 goblins
  4 jackals (D:1)
  2 kobolds
  3 quokkas (D:3)
  9 bats
  A frilled lizard (D:1)
  5 rats
33 creatures vanquished.

Notes
Turn   | Place    | Note
-------+----------+-------------------------------------------
     0 | D:1      | Peloso the Minotaur Fighter began the quest for the Orb.
     0 | D:1      | Reached XP level 1. HP: 19/19 MP: 0/0
   163 | D:1      | Reached XP level 2. HP: 27/27 MP: 1/1
   727 | D:2      | Found a snail-covered altar of Cheibriados.
   820 | D:2      | Found an iron altar of Okawaru.
   862 | D:2      | Became a worshipper of Warmaster Okawaru
   891 | D:2      | Reached XP level 3. HP: 33/33 MP: 2/2
  1176 | D:2      | Found an iron altar of Okawaru.
  1370 | D:3      | Noticed Grinder
  1381 | D:3      | Slain by Grinder

Skill      XL: |  1  2  3 |
---------------+----------+-----
Shields        | 4 |  4.4
Armour         | 4 |  4.4
Long Blades    | 3 |  3.0
Fighting       | |  3.9
Dodging        | |  0.2
Stealth        | |  0.1

Action                   || total
-------------------------++-------
Melee: Long sword        ||    82
       Headbutt          ||    14
  Eat: Chunk             ||     1
Armor: Scale mail        ||    57
Dodge: Dodged            ||    35
Block: Shield            ||    52
       Rpst.: Long sword ||     7
